 Dungeon Crawl Stone Soup version 0.31.0-12-g77e489cdc1 (webtiles) character file.

Game seed: 10173724161192940810

15831 Curundu the Protected (level 12, -10/150 HPs)
             Began as a Minotaur Berserker on Feb 20, 2024.
             Was an Elder of Trog.
             Mangled by Frances
             ... wielding a +0 scimitar
              (12 damage)
             ... on level 12 of the Dungeon.
             The game lasted 00:44:56 (14102 turns).

Curundu the Protected (Minotaur Berserker)         Turns: 14102, Time: 00:44:56

Health: -10/150    AC: 18    Str: 26    XL:     12   Next: 4%
Magic:  11/11      EV:  9    Int:  4    God:    Trog [****..]
Gold:   592        SH: 11    Dex: 11    Spells: 11/11 levels left

rFire   . . .        n - +3 broad axe
rCold   . . .        d - +1 kite shield
rNeg    . . .        B - +0 plate armour
rPois   .            (helmet restricted)
rElec   .            w - +0 cloak
rCorr   .            h - +0 pair of gloves
SInv    .            (no boots)
Will    .....        (no amulet) Stlth
                     (no ring)
HPRegen 0.45/turn    (no ring)
MPRegen 0.12/turn

%: no passive effects
@: berserking, very quick
A: horns 2, retaliatory headbutt
a: Renounce Religion, Berserk, Trog's Hand, Brothers in Arms


You were on level 12 of the Dungeon.
You worshipped Trog.
Trog was greatly pleased with you.
You visited 2 branches of the dungeon, and saw 13 of its levels.
You also visited: Ossuary.

You collected 592 gold pieces.

Inventory:

Hand Weapons
 n - a +3 broad axe (weapon)
 s - a +2 war axe of draining
 x - a +4 long sword of flaming
Missiles
 f - 3 javelins
 i - a throwing net
 m - 12 boomerangs (quivered)
Armour
 d - a +1 kite shield (worn)
 h - a +0 pair of gloves (worn)
 w - a +0 cloak (worn)
 B - a +0 plate armour (worn)
Jewellery
 v - an amulet of magic regeneration
Wands
 c - a wand of mindburst (31)
 q - a wand of paralysis (32)
 u - a wand of digging (3)
 y - a wand of flame (29)
Scrolls
 e - 3 scrolls of teleportation
 g - 3 scrolls of fear
 j - 3 scrolls of enchant weapon
 k - a scroll of blinking
 t - 3 scrolls of identify
 z - a scroll of enchant armour
Potions
 a - a potion of mutation {unknown}
 b - a potion of lignification
 l - 5 potions of curing
 o - a potion of resistance
 p - 3 potions of heal wounds
 r - a potion of berserk rage {unknown}
 A - a potion of haste {unknown}
 C - a potion of enlightenment


   Skills:
 + Level 7.4 Fighting
 + Level 0.2 Long Blades
 + Level 11.7 Axes
 + Level 0.1 Throwing
 * Level 12.4 Armour
 * Level 8.8 Dodging
 + Level 1.3 Stealth
 * Level 9.9 Shields
 * Level 5.7 Evocations


You had 11 spell levels left.
You didn't know any spells.
Your spell library was empty.

Dungeon Overview and Level Annotations

Branches:
Dungeon (12/15)            Temple (1/1) D:7            Lair (0/5) D:9
    Orc (0/2) D:9         Ossuary (visited)

Altars:
Ashenzari
Cheibriados
Dithmenos
Elyvilon
Fedhas
Gozag
Hepliaklqana
Kikubaaqudgha
Makhleb
Nemelex Xobeh
Okawaru
Qazlal
Ru
Sif Muna
Trog
Uskayaw
Vehumet
Wu Jian
Xom
Yredelemnul
Zin
The Shining One

Shops:
D:1 =   D:2 =   D:7 *

Annotations:
D:5 2 transporters
D:11 3 runed translucent doors, ChrisAssaf's ghost, journeyman HuAl
D:12 Frances


Innate Abilities, Weirdness & Mutations

You have a pair of horns on your head.
You reflexively headbutt those who attack you in melee.


Message History

Found a stone staircase leading down.
Frances shouts!
Frances mutters in a terrible tongue.
The shard of ice hits you!!
Frances mutters in a terrible tongue.
The shard of ice hits you!! You block Frances's attack.
You hit Frances but do no damage. You headbutt Frances.
Frances is lightly wounded.
Frances hits you with a +0 scimitar!!
You hit Frances. You headbutt Frances.
Frances is lightly wounded.
Frances hits you with a +0 scimitar!
* * * LOW HITPOINT WARNING * * *
You barely miss Frances.
Frances is lightly wounded.
Frances hits you with a +0 scimitar!
* * * LOW HITPOINT WARNING * * *
You slice Frances!!
Frances is moderately wounded.
You block Frances's attack.
Okay, then.
You feel much better. Frances hits you but does no damage.
A red film seems to cover your vision as you go berserk!
You feel yourself moving faster!
You feel mighty! You block Frances's attack.
You closely miss Frances. Your headbutt misses Frances.
Frances is moderately wounded.
Frances mutters in a terrible tongue.
You block the iron shot.
You closely miss Frances. You headbutt Frances!
Frances is moderately wounded.
Frances whispers indecipherable words.
The iron shot hits you!!!
* * * LOW HITPOINT WARNING * * *
You slice Frances!! You headbutt Frances!
Frances is severely wounded.
You slash Frances! You headbutt Frances, but do no damage.
Frances is severely wounded.
Frances hits you with a +0 scimitar!
You die...

... #.......#
...##
#.......# ....
#......#
#..##.[....###
#>..#.........
#............
###...........
#.....@@.....#
###<#.........
####....#...
##..## # ###


You could see Frances.

Vanquished Creatures
  A hydra (D:10)
  A two-headed ogre (D:10)
  A boulder beetle (D:10)
  A cyclops (D:11)
  A manticore (D:11)
  2 ugly things (D:10)
  The ghost of middlethird the Thaumaturge, a novice VSCj of Cheibriados (D:6)
  Maggie (D:9)
  An unseen horror (D:10)
  A komodo dragon (D:11)
  3 trolls
  A hornet (D:8)
  A slime creature (D:10)
  2 wyverns
  21 yaks
  A vampire (D:10)
  A wraith (D:11)
  A shadow (D:10)
  A steam dragon (D:6)
  3 vampire mosquitoes (D:11)
  3 acid dragons
  2 water moccasins (D:7)
  An ice beast (D:7)
  5 orc warriors
  2 black bears
  8 ogres
  3 centaurs
  A phantom (D:5)
  6 kobold brigands
  5 bullfrogs
  2 gnoll sergeants
  A wyvern zombie (D:7)
  2 scorpions
  10 wights
  9 killer bees (D:9)
  2 howler monkeys
  3 centaur zombies (D:7)
  5 bullfrog zombies
  3 hounds
  A bombardier beetle (D:3)
  4 orc priests
  2 jellies
  A gnoll bouda (D:7)
  Terence (D:3)
  4 iguanas
  A sleepcap (D:7)
  Natasha (thrice) (D:3)
  12 orc wizards
  A killer bee zombie (Ossuary)
  3 crocodile zombies (Ossuary)
  5 hound zombies (Ossuary)
  6 mummies (Ossuary)
  21 gnolls
  4 howler monkey zombies (Ossuary)
  7 adders
  A white imp (D:5)
  A dart slug (D:3)
  A ribbon worm (D:2)
  32 orcs
  12 ball pythons
  6 bats
  5 endoplasms
  2 giant cockroaches (D:3)
  10 goblins
  4 hobgoblins
  4 jackals (D:3)
  5 quokkas
  3 ball python zombies (Ossuary)
  4 frilled lizards
  26 kobolds
  4 rats
315 creatures vanquished.

Notes
Turn   | Place    | Note
-------+----------+-------------------------------------------
     0 | D:1      | Curundu the Minotaur Berserker began the quest for the Orb.
     0 | D:1      | Reached XP level 1. HP: 19/19 MP: 0/0
   107 | D:1      | Reached XP level 2. HP: 21/27 MP: 1/1
   263 | D:1      | Reached XP level 3. HP: 28/33 MP: 2/2
   382 | D:1      | Found Midirph's One-of-a-Kind Rings.
   444 | D:1      | Reached skill level 1 in Shields
   454 | D:1      | Reached ** piety under Trog
   575 | D:1      | Found a faded altar of an unknown god.
   967 | D:2      | Found Igoits's Jewellery Shop.
  1049 | D:2      | Reached skill level 3 in Armour
  1262 | D:2      | Found a broken altar of Ashenzari.
  1728 | D:3      | Reached XP level 4. HP: 31/40 MP: 3/3
  1964 | D:3      | Reached skill level 5 in Axes
  1987 | D:3      | Noticed Natasha
  1997 | D:3      | Killed Natasha
  1998 | D:3      | Reached XP level 5. HP: 9/46 MP: 4/4
  2135 | D:3      | Noticed Natasha
  2143 | D:3      | Killed Natasha
  2206 | D:3      | Reached skill level 4 in Armour
  2507 | D:3      | Reached *** piety under Trog
  2691 | D:3      | Noticed Natasha
  2700 | D:3      | Killed Natasha
  2713 | D:3      | Noticed Terence
  2719 | D:3      | Killed Terence
  2720 | D:3      | Reached XP level 6. HP: 52/52 MP: 5/5
  3578 | D:5      | Entered Level 5 of the Dungeon
  3609 | D:5      | Found a sand-covered staircase.
  3614 | D:5      | Reached skill level 5 in Armour
  3617 | Ossuary  | Entered an ossuary
  3638 | Ossuary  | Reached XP level 7. HP: 60/60 MP: 6/6
  3699 | Ossuary  | Reached skill level 5 in Dodging
  4077 | Ossuary  | Reached skill level 6 in Armour
  4236 | D:5      | Reached XP level 8. HP: 65/67 MP: 7/7
  4449 | D:5      | Reached skill level 5 in Fighting
  4494 | D:5      | Found a transporter.
  5064 | D:5      | Found a transporter.
  5189 | D:6      | Reached skill level 7 in Armour
  5189 | D:6      | Reached skill level 1 in Evocations
  5533 | D:6      | Reached skill level 5 in Shields
  5857 | D:6      | Found a runed translucent door.
  5863 | D:6      | Noticed middlethird's ghost (novice VSCj)
  5895 | D:6      | Killed middlethird's ghost
  5896 | D:6      | Reached skill level 8 in Armour
  5896 | D:6      | Reached XP level 9. HP: 74/74 MP: 8/8
  6862 | D:7      | Reached **** piety under Trog
  6875 | D:7      | Reached skill level 9 in Armour
  7292 | D:7      | Found a blossoming altar of Fedhas.
  7434 | D:7      | Found Iskilus's General Store.
  7526 | D:7      | Found a staircase to the Ecumenical Temple.
  7552 | Temple   | Entered the Ecumenical Temple
  7700 | D:8      | Reached XP level 10. HP: 52/83 MP: 9/9
  7944 | D:8      | Reached skill level 1 in Stealth
  8323 | D:8      | Reached ***** piety under Trog
  8330 | D:8      | Paralysed by a hornet for 3 turns
  8337 | D:8      | Paralysed by a hornet for 3 turns
  8352 | D:8      | Reached skill level 10 in Armour
  8371 | D:8      | Reached skill level 10 in Axes
  9490 | D:9      | Found a staircase to the Orcish Mines.
  9706 | D:9      | Reached XP level 11. HP: 91/91 MP: 10/10
  9738 | D:9      | Found a staircase to the Lair.
  9739 | D:9      | Noticed Maggie
  9756 | D:9      | Killed Maggie
  9898 | D:9      | Found a bloodstained altar of Trog.
 10606 | D:10     | Entered Level 10 of the Dungeon
 10609 | D:10     | Found a shadowy altar of Dithmenos.
 10621 | D:10     | Reached skill level 11 in Armour
 10634 | D:10     | Reached skill level 5 in Evocations
 10908 | D:10     | Found a glowing silver altar of Zin.
 10908 | D:10     | Found an opulent altar of Gozag.
 10908 | D:10     | Found a sparkling altar of Nemelex Xobeh.
 10915 | D:10     | Found a radiant altar of Vehumet.
 10919 | D:10     | Found an iron altar of Okawaru.
 10922 | D:10     | Found a snail-covered altar of Cheibriados.
 10923 | D:10     | Found a basalt altar of Yredelemnul.
 11158 | D:10     | Noticed a boulder beetle
 11159 | D:10     | Noticed a purple ugly thing
 11170 | D:10     | Noticed a two-headed ogre
 11190 | D:10     | Killed a two-headed ogre
 11320 | D:10     | Noticed a brown ugly thing
 11337 | D:10     | Killed a brown ugly thing
 11466 | D:10     | Killed a purple ugly thing
 11856 | D:10     | Noticed a six-headed hydra
 11863 | D:10     | Killed a two-headed hydra
 11880 | D:10     | HP: 6/138 [boulder beetle (13)]
 11881 | D:10     | Killed a boulder beetle
 11882 | D:10     | Reached skill level 12 in Armour
 12302 | D:10     | Noticed a centaur warrior
 13596 | D:11     | Found a runed translucent gate.
 13596 | D:11     | Found a runed translucent gate.
 13596 | D:11     | Found a runed translucent gate.
 13599 | D:11     | Found an opulent altar of Gozag.
 13599 | D:11     | Noticed a two-headed ogre
 13600 | D:11     | Noticed a catoblepas
 13601 | D:11     | Noticed ChrisAssaf's ghost (journeyman HuAl)
 13601 | D:11     | Noticed a cyan ugly thing
 13612 | D:11     | Reached XP level 12. HP: 100/100 MP: 11/11
 14089 | D:12     | Noticed Frances
 14095 | D:12     | HP: 4/100 [Frances/+0 scimitar (16)]
 14100 | D:12     | HP: 2/150 [Frances/iron shot (42)]
 14102 | D:12     | Mangled by Frances

Illustrated notes

Levels and vault maps discovered:
D:1:      mrwooster_arrival_arrow, layout_basic,
          hellmonk_ecumenical_altar_zigzags, nicolae_shop_unique_rings,
          minmay_strange_pillars, lexackson_kobold_supper
D:2:      layout_loops_ring, serial_shops, shop, basic_altar, serial_bayou,
          serial_bayou_lake_a, serial_bayou_pond_a, serial_bayou_ford_a,
          serial_bayou_crossing
D:3:      minmay_recursive_quarters, layout_basic, uniq_terence, uniq_natasha
D:4:      layout_cave_pools, serial_library_hellmonk_big_corner
D:5:      layout_basic, lightli_ossuary_entry_decrepit_ruins,
          gammafunk_ghost_abyssal_escape
D:6:      layout_basic, ebering_ghost_reflecting_pool
D:7:      layout_loops_ring, nicolae_overflow_hidden_temple,
          minmay_temple_entry_enclosed_plants, serial_shops,
          kennysheep_little_box, serial_undead, serial_undead_b,
          serial_undead_f, serial_undead_e, serial_undead_b, serial_undead_c
D:8:      layout_loops_ring
D:9:      layout_irregular_city, mainiacjoe_overflow_six_doors_small,
          dpeg_oklobed_lair, kennysheep_orc_monster_closet_entryway, uniq_maggie
D:10:     minmay_diamond_stairs, layout_loops_ring, mainiacjoe_overflow_catwalk,
          nicolae_overflow_hallway_of_the_gods, enter_bailey_5,
          amethyst_killhole, minmay_mirror_moons_of_madness
D:11:     minmay_evil_eye, layout_gridville, ebering_ghost_gozag
D:12:     layout_cave_pools, special_room [special_room_bee], uniq_frances
Temple:   nicolae_temple_no_exploring_needed

Skill      XL: |  1  2  3  4  5  6  7  8  9 10 11 |
---------------+----------------------------------+-----
Axes           | 4 5 6 7 9 10 11 | 11.7
Fighting       | 4 5 6 7 |  7.4
Shields        | 1 2 3 5 6 8 9 |  9.9
Armour         | 3 4 5 6 8 9 10 12 | 12.4
Dodging        | 3 4 5 6 7 8 |  8.8
Evocations     | 2 3 4 5 |  5.7
Stealth        | 1 |  1.3
Long Blades    | |  0.2
Throwing       | |  0.1

Action                     |  1- 3 |  4- 6 |  7- 9 | 10-12 || total
---------------------------+-------+-------+-------+-------++-------
  Melee: Hand axe          |    89 |   109 |   278 |   138 ||   614
         Headbutt          |    13 |    18 |    83 |    97 ||   211
         War axe           |       |       |    76 |   295 ||   371
         Broad axe         |       |       |       |    44 ||    44
         Long sword        |       |       |       |     5 ||     5
  Throw: Boomerang         |       |       |       |     8 ||     8
         Javelin           |       |       |       |     3 ||     3
 Invoke: Berserk           |       |     2 |     5 |     7 ||    14
         Trog's Hand       |       |     5 |     2 |    12 ||    19
    Use: Scroll            |       |    11 |     8 |     5 ||    24
         Potion            |       |       |       |     4 ||     4
 Armour: Ring mail         |    68 |    51 |       |       ||   119
         Animal skin       |     3 |       |       |       ||     3
         Scale mail        |       |    11 |       |       ||    11
         Chain mail        |       |    11 |   213 |    41 ||   265
         Plate armour      |       |       |       |   346 ||   346
  Dodge: Dodged            |    41 |    44 |   102 |   151 ||   338
  Block: Kite shield       |    31 |    40 |   152 |   307 ||   530
